 Dungeon Crawl Stone Soup version 0.19-a0-1268-g6c5d9f8 (webtiles) character file.

35 epen the Ducker (level 3, 0/19 HPs)
             Began as a Spriggan Monk on Aug 29, 2016.
             Slain by a bat (1 damage)
             ... on level 1 of the Dungeon.
             The game lasted 00:01:24 (1103 turns).

epen the Ducker (Spriggan Monk)                     Turns: 1103, Time: 00:01:24

Health: 0/19       AC:  1    Str:  7    XL:     3   Next: 17%
Magic:  4/4        EV: 21    Int: 11    God:
Gold:   98         SH:  0    Dex: 19    Spells: 0 memorised, 2 levels left

rFire  . . .     SeeInvis +     k - -1 dagger (curse)
rCold  . . .     Gourm    .     b - +0 robe
rNeg   . . .     Faith    .     (shield restricted)
rPois  .         Spirit   .     (helmet restricted)
rElec  .         Dismiss  .     (no cloak)
rCorr  .         Reflect  .     (gloves unavailable)
MR     .....     Harm     .     (boots unavailable)
Stlth  +++....... Rnd*Tele +    (no amulet)
                                (no ring)
                                l - ring of teleportation (curse)

@: very quick
A: unfitting armour, see invisible, deformed body, herbivore 3, speed 3, sense
surroundings 1, slow metabolism 2
a: no special abilities


You were on level 1 of the Dungeon.
You were not hungry.

You visited 1 branch of the dungeon, and saw 2 of its levels.

You collected 98 gold pieces.

Inventory:

Hand Weapons
 a - a +0 short sword
 k - a cursed -1 dagger (weapon)
Armour
 b - a +0 robe (worn)
Jewellery
 g - an uncursed ring of fire
 l - a cursed ring of teleportation (left hand)
 m - a cursed ring of fire
Scrolls
 d - a scroll of fear {unknown}
 f - 3 scrolls of immolation {unknown}
 h - a scroll of identify {unknown}
 i - 2 scrolls of teleportation {unknown}
 j - a scroll of magic mapping {unknown}
 n - a scroll of remove curse {unknown}
Potions
 e - a potion of mutation
Comestibles
 c - a bread ration


   Skills:
 + Level 2.5 Fighting
 * Level 3.9 Short Blades
 + Level 4.8 Dodging
 + Level 4.0 Stealth


You had 2 spell levels left.
You didn't know any spells.

Dungeon Overview and Level Annotations

Branches:
Dungeon (2/15)

Altars:


Innate Abilities, Weirdness & Mutations

You are tiny and cannot use many weapons and most armour.
You have supernaturally acute eyesight. (SInv)
You are a herbivore.
You cover ground extremely quickly.
You need consume almost no food.
Armour fits poorly on your strangely shaped body.
You passively map a small area around you.


Message History

You are too injured to fight recklessly!
You are too injured to fight recklessly!
You closely miss the bat. The bat hits you but does no damage.
The bat closely misses you. x2
The bat completely misses you. The bat hits you.
* * * LOW HITPOINT WARNING * * *
The bat hits you but does no damage. The bat misses you.
The bat hits you but does no damage.
There is a stone staircase leading up here.
The bat closely misses you. The bat completely misses you. The bat misses you.
The bat barely misses you.
You climb upwards.
There is a stone staircase leading down here.
You closely miss the bat. The bat hits you.
* * * LOW HITPOINT WARNING * * *
The bat hits you.
* * * LOW HITPOINT WARNING * * *
You barely miss the bat. The bat hits you.
You die...

..# #.......................#
..###.#................#....#
......................##....#####
......#.#####.....###.##.[.......
............#.....###.##.........
.#.#.##.#####..#.................
.....#.######..#..###..#.........
.................># #..#.........
.....#.###.#...#@.# #..#.........
.#.#.#..#......#b.###............
........#.##.....................
.#.#.#..#.##.###..###.#..........
...#.#..#.##.###..# #.#..#.####.#
...............#..###.#..#.####.#
.#......#........................
...........#.####..##.#..........
.#.####.##.#.####..##.#....##.#..


You could see a bat.

Vanquished Creatures
  2 adders (D:2)
  A worm (D:2)
  2 bats (D:1)
  A goblin (D:2)
  A hobgoblin (D:1)
  2 giant newts
  4 kobolds
  4 rats (D:1)
17 creatures vanquished.

Notes
Turn   | Place    | Note
-------+----------+-------------------------------------------
     0 | D:1      | epen the Spriggan Monk began the quest for the Orb.
     0 | D:1      | Reached XP level 1. HP: 11/11 MP: 2/2
   261 | D:1      | Reached XP level 2. HP: 16/16 MP: 3/3
   738 | D:2      | Gained mutation: You passively map a small area around you. [potion of mutation]
   738 | D:2      | Gained mutation: Armour fits poorly on your strangely shaped body. [potion of mutation]
   740 | D:2      | Reached XP level 3. HP: 3/19 MP: 4/4
   749 | D:2      | HP: 1/28 [poisoned by an adder]
  1103 | D:1      | Slain by a bat

Vault maps used:
D:1:      shiori_arrival_maze
D:2:      grunt_ministairs_13, led_sif_pool, uniq_robin

Skill      XL: |  1  2  3 |
---------------+----------+-----
Stealth        | 4 |  4.0
Fighting       | |  2.5
Short Blades   | |  3.9
Dodging        | |  4.8

Action                   || total
-------------------------++-------
Melee: Short sword       ||    39
       Dagger            ||    14
  Use: Potion            ||     2
 Stab: Sleeping          ||     6
Armor: Skin              ||     3
       Robe              ||     5
Dodge: Dodged            ||    57
